 Dungeon Crawl Stone Soup version 0.29-a0-364-g921d912d32 (webtiles) character file.

Game seed: 13037154159298788720

53 ptdevnull the Bolt Thrower (level 4, -2/25 HPs)
             Began as a Kobold Arcane Marksman on May 1, 2022.
             Slain by an adder (3 damage)
             ... on level 2 of the Dungeon.
             The game lasted 00:04:17 (1394 turns).

ptdevnull the Bolt Thrower (Kobold Arcane Marksman) Turns: 1394, Time: 00:04:17

Health: -2/25      AC:  2    Str:  7    XL:     4   Next: 10%
Magic:  5/7        EV: 15    Int: 14    God:
Gold:   28         SH:  0    Dex: 17    Spells: 3/7 levels left

rFire   . . .      SeeInvis .   a - +0 hand crossbow
rCold   . . .      Faith    .   (no shield)
rNeg    . . .      Spirit   .   b - +0 robe
rPois   .          Reflect  .   (no helmet)
rElec   .          Harm     .   (no cloak)
rCorr   .          Rampage  .   (no gloves)
Will    +....                   (no boots)
Stlth   +++.......              (no amulet)
HPRegen 0.08/turn               f - ring of willpower
MPRegen 0.10/turn               (no ring)

@: brilliant, lethally poisoned (-2 -> -8), very slightly contaminated
A: small, no large weapons, nightstalker 3
a: no special abilities


You were on level 2 of the Dungeon.
You visited 1 branch of the dungeon, and saw 2 of its levels.

You collected 28 gold pieces.

Inventory:

Hand Weapons
 a - a +0 hand crossbow (weapon)
Armour
 b - a +0 robe (worn)
 d - a +0 ring mail
Jewellery
 f - a ring of willpower (left hand)
Scrolls
 c - 2 scrolls of vulnerability
 e - a scroll of teleportation {unknown}
 g - a scroll of magic mapping {unknown}


   Skills:
 - Level 1.1 Fighting
 * Level 4.2 Crossbows
 - Level 2.4 Dodging
 + Level 2.0 Spellcasting
 + Level 3.4 Hexes


You had 3 spell levels left.
You knew the following spells:

 Your Spells              Type           Power      Damage    Failure   Level
a - Slow                  Hex            64%        N/A       6%          1
b - Portal Projectile     Hex/Tloc       18%        N/A       34%         3

Your spell library contained the following spells:

 Spells                   Type           Power      Damage    Failure   Level
 Inner Flame              Hex/Fire       9%         N/A       34%         3
 Gell's Gravitas          Tloc           2%         N/A       56%         3
 Lesser Beckoning         Tloc           2%         N/A       56%         3
 Teleport Other           Tloc           2%         N/A       56%         3
 Cause Fear               Hex            8%         N/A       50%         4


Dungeon Overview and Level Annotations

Branches:
Dungeon (2/15)

Altars:

Shops:
D:1 !   D:2 (


Innate Abilities, Weirdness & Mutations

You are small and have problems with some larger weapons.
You are completely attuned to the shadows.


Message History

You shoot a bolt. The bolt misses the adder.
You feel sick. The adder bites you. The adder barely misses you.
You shoot a bolt. The bolt completely misses the adder.
You feel sick.
You are no longer poisoned.
The adder bites you.
You are poisoned.
The adder poisons you! The adder bites you but does no damage.
You are too injured to fight recklessly!
You are too injured to fight recklessly!
Aiming: Slow (safe; 6% risk of failure)
Press: ? - help, Q - select action, (/) - cycle Shift-Dir - straight line, f/p - adder
Aim: an adder (almost dead, chance to affect: 58%)
The adder seems to slow down.
You feel sick. The adder bites you but does no damage.
You feel sick.
You aren't carrying any items that you can evoke.
Shoot: a) +0 hand crossbow
Press: ? - help, Shift-Dir - straight line, f/p - adder
Aim: an adder (almost dead, slow, 46% to hit)
Shoot: a) +0 hand crossbow
Press: ? - help, Q - select action, (/) - cycle Shift-Dir - straight line, f/p - adder
Aim: an adder (almost dead, slow, 46% to hit)
You shoot a bolt. The bolt misses the adder.
You feel sick. The adder bites you.
* * * LOW HITPOINT WARNING * * *
You are lethally poisoned!
The adder poisons you!
Aiming: Slow (safe; 6% risk of failure)
Press: ? - help, Q - select action, (/) - cycle Shift-Dir - straight line, f/p - adder
Aim: an adder (almost dead, slow, chance to affect: 58%)
You miscast Slow.
You are very lightly contaminated with residual magic.
Nothing appears to happen.
* * * LOW HITPOINT WARNING * * *
You feel sick. The adder barely misses you.
It was a potion of brilliance.
You feel clever all of a sudden.
* * * LOW HITPOINT WARNING * * *
You feel sick. The adder bites you.
You die...

#.# ### ....# #.##
#..
......####..####.# .
#..........[......
..##.###......#####..
....l......###...#8..
#S###.##......####
#@###<#..###..#...
#.....#..# #......
#......## .# #..##+#
###..).# #..# ......#
#..# ###....
#####.#####
...........
.####..#.###
.....#.#.#


You could see an adder (slow) and a frilled lizard.

Vanquished Creatures
  2 adders (D:2)
  A worm (D:2)
  5 ball pythons
  3 bats
  4 endoplasms
  A giant cockroach (D:1)
  2 hobgoblins (D:1)
  2 jackals (D:1)
  4 kobolds
  2 quokkas
  2 frilled lizards (D:1)
  3 rats
31 creatures vanquished.

Notes
Turn   | Place    | Note
-------+----------+-------------------------------------------
     0 | D:1      | ptdevnull the Kobold Arcane Marksman began the quest for
                  | the Orb.
     0 | D:1      | Reached XP level 1. HP: 12/12 MP: 2/2
   123 | D:1      | Reached skill level 3 in Crossbows
   126 | D:1      | Reached XP level 2. HP: 16/16 MP: 3/3
   262 | D:1      | Found Qanasch's Distillery.
   500 | D:1      | Reached XP level 3. HP: 20/20 MP: 5/5
   930 | D:2      | Learned a level 3 spell: Portal Projectile
  1009 | D:2      | Found Cuxuok Geraff's Weapon Shoppe.
  1087 | D:2      | Reached skill level 4 in Crossbows
  1225 | D:2      | Reached XP level 4. HP: 25/25 MP: 6/6
  1394 | D:2      | HP: 1/25 [poisoned by an adder]
  1394 | D:2      | Slain by an adder

Illustrated notes

Levels and vault maps discovered:
D:1:      enne_arrival_octagon_isle, layout_basic, serial_shops, shop
D:2:      layout_basic, shapermc_ecumenical_altar_mp_vishouse, serial_shops,
          nicolae_shop_bloodbath_and_beyond

Skill      XL: |  1  2  3  4 |
---------------+-------------+-----
Crossbows      | 3 4 |  4.2
Spellcasting   | 2 |  2.0
Fighting       | |  1.1
Dodging        | |  2.4
Hexes          | |  3.4

Action                   |  1- 3 |  4- 6 || total
-------------------------+-------+-------++-------
 Fire: Hand crossbow     |    65 |    13 ||    78
 Cast: Slow              |     3 |     1 ||     4
  Use: Potion            |       |     1 ||     1
Armor: Robe              |     4 |     3 ||     7
       Ring mail         |     7 |       ||     7
Dodge: Dodged            |    20 |     6 ||    26

Table legend: (Time is in decaauts)
 A = Elapsed time spent in this place.
 B = Non-inter-level travel time spent in this place.
 C = Inter-level travel time spent in this place.
 D = Time resting spent in this place.
 E = Time spent auto-exploring this place.
 F = Levels seen in this place.
 G = Mean time per level.
                   A        B        C        D        E       F      G
               +--------+--------+--------+--------+--------+-----+--------+
         Total |   1426 |   1366 |     60 |     11 |   1130 |   2 |  713.0 |
       Dungeon |   1426 |   1366 |     60 |     11 |   1130 |   2 |  713.0 |
               +--------+--------+--------+--------+--------+-----+--------+

Top non-repeatable levels by time:
     D:1: 808 daAuts
     D:2: 617 daAuts
